Kelowna Rockets vs Tucson Roadrunners
Created - Friday, March 24, 2023 at 07:22
Goals
|
| Kelowna Rockets |
2 |
2 |
0 |
0 |
1 |
4 |
| Tucson Roadrunners |
1 |
2 |
1 |
0 |
2 |
5 |
|
Shots
|
| Kelowna Rockets |
8 |
8 |
11 |
1 |
7 |
28 |
| Tucson Roadrunners |
10 |
12 |
12 |
1 |
7 |
35 |
|
1st period
1. Kelowna Rockets , Oskar Steen 4 (Matias Maccelli 3, Max Lajoie 6) at 11:40 (PP)
2. Kelowna Rockets , Ty Dellandrea 5 (Jesse Ylonen 4, Jasper Weatherby 5) at 12:32
3. Tucson Roadrunners , Justin Danforth 4 (William Carrier 6) at 15:01
Penalties :
Arnaud Durandeau (KEL) for Roughing (Minor) at 2:22, Michal Kempny (TRR) for Hooking (Minor) at 11:25
2nd period
4. Kelowna Rockets , Ty Dellandrea 6 (Jesse Ylonen 5, Jasper Weatherby 6) at 2:08
5. Tucson Roadrunners , William Carrier 6 (Justin Danforth 3) at 3:12 (PP)
6. Kelowna Rockets , Cale Fleury 1 (Jack Drury 6, Adam Scheel) at 9:57
7. Tucson Roadrunners , Matthew Nieto 10 (Scott Reedy 6) at 13:34
Penalties :
Ty Dellandrea (KEL) for Kneeing (Minor) at 3:03, Michal Kempny (TRR) for Charging (Minor) at 4:11
3rd period
8. Tucson Roadrunners , William Carrier 7 (Justin Danforth 4, Simon Benoit 3) at 7:54
Penalties :
Jack Drury (KEL) for Hooking (Minor) at 0:45, Cameron Hughes (TRR) for Hooking (Minor) at 10:59, Jasper Weatherby (KEL) for Hooking (Minor) at 15:02
Overtime #1
No Goal
Penalties :
No Penalty
Shootout
Kelowna Rockets, Ty Dellandrea - Goal!
Tucson Roadrunners, Matthew Nieto - Stopped by Adam Scheel
Kelowna Rockets, Jasper Weatherby - Shot Misses the Net
Tucson Roadrunners, Riley Nash - Stopped by Adam Scheel
Kelowna Rockets, Jesse Ylonen - Stopped by Jaroslav Halak
Tucson Roadrunners, Rocco Grimaldi - Goal!
Kelowna Rockets, Matias Maccelli - Stopped by Jaroslav Halak
Tucson Roadrunners, William Carrier - Shot Misses the Net
Kelowna Rockets, Oskar Steen - Stopped by Jaroslav Halak
Tucson Roadrunners, Jonathan Dahlen - Shot Misses the Net
Kelowna Rockets, Jacob Perreault - Shot Misses the Net
Tucson Roadrunners, Cole Koepke - Stopped by Adam Scheel
Kelowna Rockets, Lauri Pajuniemi - Stopped by Jaroslav Halak
Tucson Roadrunners, Cameron Hughes - Goal!
Penalties :
No Penalty
Goalie Stats
Adam Scheel (KEL), 31 saves from 35 shots - (0.886), OTL, 1-0-1, 65:00 minutes
Jaroslav Halak (TRR), 16 saves from 16 shots - (1.000), W, 1-1-0, 35:03 minutes
Martin Jones (TRR), 8 saves from 12 shots - (0.667), 29:57 minutes
Players Stats for Kelowna Rockets
Player Name G A P +/- PIM S H SB GA TA FO MP PP MP PK MP
------------------------------------------------------------------------------------
Alex Peters 0 0 0 1 0 2 1 2 0 0 0/0 12:49 0:00 0:00
Arnaud Durandeau 0 0 0 -2 2 3 1 0 1 0 0/1 7:06 0:00 0:00
Cale Fleury 1 0 1 0 0 1 2 2 0 0 0/0 31:44 2:10 3:36
Givani Smith 0 0 0 0 0 0 3 0 0 0 0/0 12:08 0:00 0:00
Jack Drury 0 1 1 0 2 2 1 0 1 0 3/7 15:18 0:00 1:24
Jacob Perreault 0 0 0 0 0 1 1 0 0 0 0/0 13:19 0:00 0:32
Jasper Weatherby 0 2 2 3 2 2 4 1 2 2 1/3 20:38 1:56 2:38
Jesse Ylonen 0 2 2 3 0 1 3 1 0 1 1/2 19:03 1:56 1:07
Joel Kiviranta 0 0 0 -1 0 0 0 0 0 0 0/0 17:24 2:10 0:29
Lauri Pajuniemi 0 0 0 -2 0 0 0 0 0 0 0/0 7:06 0:00 0:00
Lucas Johansen 0 0 0 0 0 0 2 0 0 1 0/0 28:13 2:03 2:30
Matias Maccelli 0 1 1 -1 0 3 2 1 1 0 0/0 21:27 2:10 2:16
Max Lajoie 0 1 1 -2 0 1 2 3 1 1 0/0 29:18 2:10 3:36
Maxence Guenette 0 0 0 1 0 2 0 1 0 4 0/0 25:14 2:03 2:30
Nicholas Caamano 0 0 0 0 0 1 1 0 0 0 0/1 3:04 0:07 0:00
Oskar Steen 1 0 1 -1 0 2 2 1 3 0 4/10 17:09 2:10 0:00
Roby Jarventie 0 0 0 0 0 0 0 0 0 0 1/2 5:53 0:07 0:00
Ty Dellandrea 2 0 2 1 2 7 1 1 1 0 9/25 26:57 2:03 3:46
Players Stats for Tucson Roadrunners
Player Name G A P +/- PIM S H SB GA TA FO MP PP MP PK MP
------------------------------------------------------------------------------------
Cameron Hughes 0 0 0 1 2 2 0 1 0 0 0/0 6:01 0:00 0:00
Cole Koepke 0 0 0 0 0 0 0 0 0 0 0/0 4:42 0:08 0:00
Johnathan Kovacevic 0 0 0 -1 0 3 1 0 0 0 0/0 13:56 0:00 0:49
Jonathan Dahlen 0 0 0 -2 0 2 1 0 0 1 0/0 14:36 0:08 0:00
Justin Danforth 1 2 3 2 0 3 2 0 2 1 7/12 17:19 2:31 0:00
Marian Studenic 0 0 0 -2 0 3 1 0 0 0 0/0 12:50 0:00 0:00
Matthew Highmore 0 0 0 2 0 3 2 0 1 0 0/0 18:48 2:31 1:02
Matthew Nieto 1 0 1 0 0 3 1 2 1 1 3/7 26:38 3:27 1:55
Michal Kempny 0 0 0 1 4 0 2 1 0 2 0/0 21:51 2:58 1:00
Mikhail Maltsev 0 0 0 -2 0 2 0 0 0 0 5/5 14:45 0:00 1:14
Nick Seeler 0 0 0 -1 0 0 1 0 0 1 0/0 13:19 0:00 0:07
Nicolas Meloche 0 0 0 0 0 1 4 2 1 0 0/0 29:16 3:08 2:24
Riley Nash 0 0 0 -1 0 1 2 0 0 1 17/26 22:46 3:27 2:09
Robert Hagg 0 0 0 0 0 1 1 0 1 2 0/0 29:04 3:08 2:17
Rocco Grimaldi 0 0 0 -1 0 7 1 1 2 0 0/0 21:06 3:35 0:53
Scott Reedy 0 1 1 1 0 0 0 1 0 1 0/1 6:31 0:00 0:20
Simon Benoit 0 1 1 1 0 1 2 3 0 0 0/0 22:37 2:58 1:49
William Carrier 2 1 3 2 0 3 5 0 1 0 0/0 19:39 2:31 0:53
3 Stars
1 - William Carrier (TRR)
2 - Justin Danforth (TRR)
3 - Jesse Ylonen (KEL)
Power Play
Kelowna Rockets - 1 on 3 Attempt(s) - 33.33%
Tucson Roadrunners - 1 on 4 Attempt(s) - 25.00%
Penalty Kill
Kelowna Rockets - 3 on 4 Attempt(s) - 75.00%
- Score 0 goal in Penalty Kill
Tucson Roadrunners - 2 on 3 Attempt(s) - 66.67%
- Score 0 goal in Penalty Kill
Team Stat
Kelowna Rockets - Hits : 26 - Faceoff Wins : 19 - Blocked Shots : 13 - Penalty Minutes : 8
Tucson Roadrunners - Hits : 26 - Faceoff Wins : 32 - Blocked Shots : 11 - Penalty Minutes : 6
Official
Referees : Kyle Rehman and Dave Lewis
Linesman : Shandor Alphonso and Thor Nelson
Game Notes
Jaroslav Halak enters game at 9:57 of 2nd period
Kelowna Rockets
5 vs 5 Forward
Center Left Wing Right Wing Time % Phy DF OF
1 Ty Dellandrea Jasper Weatherby Jesse Ylonen 40 1 2 2
2 Oskar Steen Matias Maccelli Joel Kiviranta 30 1 2 2
3 Jack Drury Givani Smith Jacob Perreault 20 1 2 2
4 Ty Dellandrea Arnaud Durandeau Lauri Pajuniemi 10 1 2 2
5 vs 5 Defense
Defense Defense Time % Phy DF OF
1 Cale Fleury Max Lajoie 40 1 2 2
2 Lucas Johansen Maxence Guenette 30 1 2 2
3 Alex Peters Cale Fleury 20 1 2 2
4 Max Lajoie Lucas Johansen 10 1 2 2
PowerPlay Forward
Center Left Wing Right Wing Time % Phy DF OF
1 Ty Dellandrea Jasper Weatherby Jesse Ylonen 60 1 2 2
2 Oskar Steen Matias Maccelli Joel Kiviranta 40 1 2 2
PowerPlay Defense
Defense Defense Time % Phy DF OF
1 Cale Fleury Max Lajoie 60 1 2 2
2 Lucas Johansen Maxence Guenette 40 1 2 2
Penalty Kill 4 Players Forward
Center Wing Time % Phy DF OF
1 Ty Dellandrea Jasper Weatherby 60 1 2 2
2 Jesse Ylonen Matias Maccelli 40 1 2 2
Penalty Kill 4 Players Defense
Defense Defense Time % Phy DF OF
1 Cale Fleury Max Lajoie 60 1 2 2
2 Lucas Johansen Maxence Guenette 40 1 2 2
Penalty Kill - 3 Players Forward
Forward Time % Phy DF OF
1 Ty Dellandrea 60 1 2 2
2 Jasper Weatherby 40 1 2 2
Penalty Kill - 3 Players Defense
Defense Defense Time % Phy DF OF
1 Cale Fleury Max Lajoie 60 1 2 2
2 Lucas Johansen Maxence Guenette 40 1 2 2
4 vs 4 Forward
Center Wing Time % Phy DF OF
1 Ty Dellandrea Jasper Weatherby 60 1 2 2
2 Jesse Ylonen Matias Maccelli 40 1 2 2
4 vs 4 Defense
Defense Defense Time % Phy DF OF
1 Cale Fleury Max Lajoie 60 1 2 2
2 Lucas Johansen Maxence Guenette 40 1 2 2
Last Minutes Offensive
Center Left Wing Right Wing Defense Defense
Ty Dellandrea Jasper Weatherby Jesse Ylonen Cale Fleury Max Lajoie
Last Minutes Defensive
Center Left Wing Right Wing Defense Defense
Ty Dellandrea Jasper Weatherby Jesse Ylonen Cale Fleury Max Lajoie
Goaltenders
Starting : Adam Scheel
Backup : Eetu Makiniemi
Extra Forwards
Normal : Roby Jarventie, Nicholas Caamano, Jack Drury - PP : Roby Jarventie, Nicholas Caamano - PK : Jack Drury
Extra Defensemen
Normal : Alex Peters, Maxence Guenette, Cale Fleury - PP : Alex Peters - PK : Maxence Guenette, Cale Fleury
Penalty Shots
Ty Dellandrea, Jasper Weatherby, Jesse Ylonen, Matias Maccelli, Oskar Steen
Tucson Roadrunners
5 vs 5 Forward
Center Left Wing Right Wing Time % Phy DF OF
1 Riley Nash Matthew Nieto Rocco Grimaldi 40 1 2 2
2 Justin Danforth William Carrier Matthew Highmore 30 1 2 2
3 Mikhail Maltsev Jonathan Dahlen Marian Studenic 20 1 2 2
4 Scott Reedy Cameron Hughes Matthew Nieto 10 1 2 2
5 vs 5 Defense
Defense Defense Time % Phy DF OF
1 Robert Hagg Nicolas Meloche 40 1 2 2
2 Simon Benoit Michal Kempny 30 1 2 2
3 Nick Seeler Johnathan Kovacevic 20 1 2 2
4 Robert Hagg Nicolas Meloche 10 1 2 2
PowerPlay Forward
Center Left Wing Right Wing Time % Phy DF OF
1 Riley Nash Matthew Nieto Rocco Grimaldi 60 1 2 2
2 Justin Danforth William Carrier Matthew Highmore 40 1 2 2
PowerPlay Defense
Defense Defense Time % Phy DF OF
1 Robert Hagg Nicolas Meloche 60 1 2 2
2 Simon Benoit Michal Kempny 40 1 2 2
Penalty Kill 4 Players Forward
Center Wing Time % Phy DF OF
1 Matthew Nieto Riley Nash 60 1 2 2
2 Rocco Grimaldi William Carrier 40 1 2 2
Penalty Kill 4 Players Defense
Defense Defense Time % Phy DF OF
1 Robert Hagg Nicolas Meloche 60 1 2 2
2 Simon Benoit Michal Kempny 40 1 2 2
Penalty Kill - 3 Players Forward
Forward Time % Phy DF OF
1 Matthew Nieto 60 1 2 2
2 Riley Nash 40 1 2 2
Penalty Kill - 3 Players Defense
Defense Defense Time % Phy DF OF
1 Robert Hagg Nicolas Meloche 60 1 2 2
2 Simon Benoit Michal Kempny 40 1 2 2
4 vs 4 Forward
Center Wing Time % Phy DF OF
1 Matthew Nieto Riley Nash 60 1 2 2
2 Rocco Grimaldi William Carrier 40 1 2 2
4 vs 4 Defense
Defense Defense Time % Phy DF OF
1 Robert Hagg Nicolas Meloche 60 1 2 2
2 Simon Benoit Michal Kempny 40 1 2 2
Last Minutes Offensive
Center Left Wing Right Wing Defense Defense
Riley Nash Matthew Nieto Rocco Grimaldi Robert Hagg Nicolas Meloche
Last Minutes Defensive
Center Left Wing Right Wing Defense Defense
Riley Nash Matthew Nieto Rocco Grimaldi Robert Hagg Nicolas Meloche
Goaltenders
Starting : Martin Jones
Backup : Jaroslav Halak
Extra Forwards
Normal : Cole Koepke, Jonathan Dahlen, Mikhail Maltsev - PP : Cole Koepke, Jonathan Dahlen - PK : Mikhail Maltsev
Extra Defensemen
Normal : Nick Seeler, Johnathan Kovacevic, Simon Benoit - PP : Nick Seeler - PK : Johnathan Kovacevic, Simon Benoit
Penalty Shots
Matthew Nieto, Riley Nash, Rocco Grimaldi, William Carrier, Jonathan Dahlen
% Time on Ice - Kelowna Rockets
Lines # - Real PCT - Wanted PCT - Time Play
Normal Forward
1 - 28% - 40% - 14:03
2 - 34% - 30% - 16:43
3 - 24% - 20% - 11:49
4 - 14% - 10% - 7:06
Normal Defense
1 - 33% - 40% - 16:33
2 - 36% - 30% - 17:54
3 - 21% - 20% - 10:12
4 - 10% - 10% - 5:02
PP Forward
1 - 49% - 60% - 2:03
2 - 51% - 40% - 2:10
PP Defense
1 - 51% - 60% - 2:10
2 - 49% - 40% - 2:03
PK Forward
1 - 82% - 60% - 4:59
2 - 18% - 40% - 1:07
PK Defense
1 - 59% - 60% - 3:36
2 - 41% - 40% - 2:30
PK3 Forward
1 - 0% - 60%
2 - 0% - 40%
PK3 Defense
1 - 0% - 60%
2 - 0% - 40%
44 Forward
1 - 76% - 60% - 3:48
2 - 24% - 40% - 1:12
44 Defense
1 - 58% - 60% - 2:55
2 - 42% - 40% - 2:05
Last Minute Offensive - 0:00
Last Minute Defensive - 0:00
Total
Forward - 65:00
Defense - 65:00
|
% Time on Ice - Tucson Roadrunners
Lines # - Real PCT - Wanted PCT - Time Play
Normal Forward
1 - 32% - 40% - 15:41
2 - 31% - 30% - 15:32
3 - 25% - 20% - 12:31
4 - 12% - 10% - 5:57
Normal Defense
1 - 39% - 40% - 19:27
2 - 32% - 30% - 15:56
3 - 25% - 20% - 12:17
4 - 4% - 10% - 2:01
PP Forward
1 - 59% - 60% - 3:35
2 - 41% - 40% - 2:31
PP Defense
1 - 51% - 60% - 3:08
2 - 49% - 40% - 2:58
PK Forward
1 - 79% - 60% - 3:20
2 - 21% - 40% - 0:53
PK Defense
1 - 54% - 60% - 2:17
2 - 46% - 40% - 1:56
PK3 Forward
1 - 0% - 60%
2 - 0% - 40%
PK3 Defense
1 - 0% - 60%
2 - 0% - 40%
44 Forward
1 - 77% - 60% - 3:50
2 - 23% - 40% - 1:10
44 Defense
1 - 60% - 60% - 3:01
2 - 40% - 40% - 1:59
Last Minute Offensive - 0:00
Last Minute Defensive - 0:00
Total
Forward - 65:00
Defense - 65:00
|
Play-by-Play
1st period
0:01 of 1st period - Ty Dellandrea wins face-off versus Matthew Nieto in neutral zone.
0:26 of 1st period - Matias Maccelli is hit by Nicolas Meloche and loses puck.
0:48 of 1st period - Snap shot by Jonathan Dahlen.
0:48 of 1st period - Shot Misses the Net.
0:50 of 1st period - Wrist shot by Marian Studenic.
0:50 of 1st period - Shot Misses the Net.
0:52 of 1st period - Slapshot by Johnathan Kovacevic.
0:52 of 1st period - Stopped by Adam Scheel with a rebound.
0:54 of 1st period - Snap shot by Jonathan Dahlen.
0:54 of 1st period - Shot Misses the Net.
0:56 of 1st period - Snap shot by Marian Studenic.
0:56 of 1st period - Shot Misses the Net.
1:16 of 1st period - Wrist shot by Riley Nash.
1:16 of 1st period - Stopped by Adam Scheel with a rebound.
1:30 of 1st period - Cameron Hughes is hit by Jasper Weatherby and loses puck.
1:50 of 1st period - Wrist shot by Oskar Steen.
1:50 of 1st period - Shot Misses the Net.
1:52 of 1st period - Wrist shot by Oskar Steen.
1:52 of 1st period - Stopped by Martin Jones with a rebound.
2:22 of 1st period - Minor Penalty to Arnaud Durandeau for Roughing.
2:23 of 1st period - Ty Dellandrea wins face-off versus Riley Nash in Kelowna Rockets zone.
2:32 of 1st period - Wrist shot by Rocco Grimaldi.
2:32 of 1st period - Stopped by Adam Scheel without a rebound.
2:33 of 1st period - Riley Nash wins face-off versus Ty Dellandrea in Kelowna Rockets zone.
2:56 of 1st period - Slapshot by Riley Nash.
2:56 of 1st period - Shot Blocked by Max Lajoie.
3:08 of 1st period - Snap shot by Riley Nash.
3:08 of 1st period - Shot Misses the Net.
3:10 of 1st period - Slapshot by Simon Benoit.
3:10 of 1st period - Deflect By Rocco Grimaldi.
3:10 of 1st period - Stopped by Adam Scheel without a rebound.
3:11 of 1st period - Jesse Ylonen wins face-off versus Justin Danforth in Kelowna Rockets zone.
3:42 of 1st period - Jesse Ylonen is hit by William Carrier and loses puck.
3:54 of 1st period - Icing by Rocco Grimaldi.
3:55 of 1st period - Riley Nash wins face-off versus Ty Dellandrea in Tucson Roadrunners zone.
4:12 of 1st period - Wrist shot by Justin Danforth.
4:12 of 1st period - Shot Misses the Net.
4:22 of 1st period - Penalty to Arnaud Durandeau is over, Arnaud Durandeau is back on ice.
5:16 of 1st period - Slapshot by William Carrier.
5:16 of 1st period - Stopped by Adam Scheel without a rebound.
5:17 of 1st period - Justin Danforth wins face-off versus Jack Drury in Kelowna Rockets zone.
5:24 of 1st period - Slapshot by Justin Danforth.
5:24 of 1st period - Shot Misses the Net.
5:32 of 1st period - Snap shot by Justin Danforth.
5:32 of 1st period - Stopped by Adam Scheel with a rebound.
5:39 of 1st period - Icing by Givani Smith.
5:40 of 1st period - Riley Nash wins face-off versus Oskar Steen in Kelowna Rockets zone.
5:53 of 1st period - Wrist shot by Riley Nash.
5:53 of 1st period - Deflect By Rocco Grimaldi.
5:53 of 1st period - Stopped by Adam Scheel with a rebound.
6:11 of 1st period - Michal Kempny is hit by Jasper Weatherby and loses puck.
6:28 of 1st period - Mikhail Maltsev is hit by Givani Smith and loses puck.
6:53 of 1st period - Slapshot by Arnaud Durandeau.
6:53 of 1st period - Shot Misses the Net.
6:55 of 1st period - Snap shot by Ty Dellandrea.
6:55 of 1st period - Shot Misses the Net.
7:28 of 1st period - Snap shot by Justin Danforth.
7:28 of 1st period - Shot Misses the Net.
7:30 of 1st period - Snap shot by Matthew Highmore.
7:30 of 1st period - Stopped by Adam Scheel without a rebound.
7:31 of 1st period - Ty Dellandrea wins face-off versus Justin Danforth in Kelowna Rockets zone.
7:56 of 1st period - Wrist shot by Jacob Perreault.
7:56 of 1st period - Stopped by Martin Jones without a rebound.
7:57 of 1st period - Riley Nash wins face-off versus Jack Drury in Tucson Roadrunners zone.
8:45 of 1st period - Matias Maccelli is hit by Jonathan Dahlen and loses puck.
10:33 of 1st period - Cameron Hughes is hit by Givani Smith and loses puck.
10:44 of 1st period - Jonathan Dahlen is hit by Arnaud Durandeau and loses puck.
11:17 of 1st period - Icing by Ty Dellandrea.
11:18 of 1st period - Jack Drury wins face-off versus Justin Danforth in Kelowna Rockets zone.
11:18 of 1st period - Jack Drury is hit by William Carrier.
11:25 of 1st period - Minor Penalty to Michal Kempny for Hooking.
11:26 of 1st period - Matthew Nieto wins face-off versus Oskar Steen in Tucson Roadrunners zone.
11:40 of 1st period - Snap shot by Oskar Steen.
11:40 of 1st period - Goal by Oskar Steen - Kelowna Rockets : 1 - Tucson Roadrunners : 0.
11:41 of 1st period - Ty Dellandrea wins face-off versus Riley Nash in neutral zone.
12:10 of 1st period - Slapshot by Marian Studenic.
12:10 of 1st period - Stopped by Adam Scheel with a rebound.
12:32 of 1st period - Wrist shot by Ty Dellandrea.
12:32 of 1st period - Goal by Ty Dellandrea - Kelowna Rockets : 2 - Tucson Roadrunners : 0.
12:33 of 1st period - Riley Nash wins face-off versus Oskar Steen in neutral zone.
12:43 of 1st period - Slapshot by Rocco Grimaldi.
12:43 of 1st period - Shot Blocked by Matias Maccelli.
12:45 of 1st period - Slapshot by Matthew Nieto.
12:45 of 1st period - Shot Misses the Net.
12:47 of 1st period - Snap shot by Robert Hagg.
12:47 of 1st period - Shot Misses the Net.
12:49 of 1st period - Slapshot by Nicolas Meloche.
12:49 of 1st period - Shot Misses the Net.
12:59 of 1st period - Lucas Johansen is hit by William Carrier and loses puck.
13:26 of 1st period - Arnaud Durandeau is hit by Simon Benoit and loses puck.
14:25 of 1st period - Slapshot by Ty Dellandrea.
14:25 of 1st period - Shot Misses the Net.
14:55 of 1st period - Justin Danforth is hit by Matias Maccelli.
14:59 of 1st period - Wrist shot by William Carrier.
14:59 of 1st period - Shot Misses the Net.
15:01 of 1st period - Slapshot by Justin Danforth.
15:01 of 1st period - Goal by Justin Danforth - Kelowna Rockets : 2 - Tucson Roadrunners : 1.
15:02 of 1st period - Riley Nash wins face-off versus Jasper Weatherby in neutral zone.
15:13 of 1st period - Snap shot by Ty Dellandrea.
15:13 of 1st period - Stopped by Martin Jones with a rebound.
15:34 of 1st period - Snap shot by Ty Dellandrea.
15:34 of 1st period - Deflect By Jasper Weatherby.
15:34 of 1st period - Stopped by Martin Jones with a rebound.
16:46 of 1st period - Slapshot by Alex Peters.
16:46 of 1st period - Deflect By Jesse Ylonen.
16:46 of 1st period - Stopped by Martin Jones with a rebound.
16:48 of 1st period - Snap shot by Jasper Weatherby.
16:48 of 1st period - Stopped by Martin Jones without a rebound.
16:49 of 1st period - Riley Nash wins face-off versus Oskar Steen in Tucson Roadrunners zone.
16:49 of 1st period - Riley Nash is hit by Lucas Johansen.
19:38 of 1st period - Maxence Guenette is hit by William Carrier and loses puck.
Goals for this period are 2 for Kelowna Rockets vs 1 for Tucson Roadrunners.
Shots for this period are 8 for Kelowna Rockets vs 10 for Tucson Roadrunners.
2nd period
0:01 of 2nd period - Riley Nash wins face-off versus Ty Dellandrea in neutral zone.
0:03 of 2nd period - Off-side.
0:04 of 2nd period - Riley Nash wins face-off versus Ty Dellandrea in neutral zone.
0:14 of 2nd period - Snap shot by Riley Nash.
0:14 of 2nd period - Shot Blocked by Max Lajoie.
0:16 of 2nd period - Backhand shot by Riley Nash.
0:16 of 2nd period - Shot Blocked by Max Lajoie.
0:18 of 2nd period - Slapshot by Robert Hagg.
0:18 of 2nd period - Shot Misses the Net.
0:39 of 2nd period - Snap shot by Justin Danforth.
0:39 of 2nd period - Stopped by Adam Scheel with a rebound.
0:46 of 2nd period - Icing by Cale Fleury.
0:47 of 2nd period - Mikhail Maltsev wins face-off versus Jack Drury in Kelowna Rockets zone.
1:13 of 2nd period - Slapshot by Jasper Weatherby.
1:13 of 2nd period - Deflect By Ty Dellandrea.
1:13 of 2nd period - Stopped by Martin Jones with a rebound.
1:15 of 2nd period - Slapshot by Jesse Ylonen.
1:15 of 2nd period - Shot Blocked by Simon Benoit.
1:17 of 2nd period - Wrist shot by Ty Dellandrea.
1:17 of 2nd period - Stopped by Martin Jones without a rebound.
1:18 of 2nd period - Riley Nash wins face-off versus Jesse Ylonen in Tucson Roadrunners zone.
1:18 of 2nd period - Riley Nash is hit by Jasper Weatherby.
1:33 of 2nd period - Snap shot by Rocco Grimaldi.
1:33 of 2nd period - Stopped by Adam Scheel with a rebound.
2:08 of 2nd period - Snap shot by Ty Dellandrea.
2:08 of 2nd period - Goal by Ty Dellandrea - Kelowna Rockets : 3 - Tucson Roadrunners : 1.
2:09 of 2nd period - Oskar Steen wins face-off versus Riley Nash in neutral zone.
2:16 of 2nd period - Robert Hagg is hit by Oskar Steen and loses puck.
2:41 of 2nd period - Cale Fleury is hit by Robert Hagg and loses puck.
2:54 of 2nd period - Snap shot by Rocco Grimaldi.
2:54 of 2nd period - Stopped by Adam Scheel without a rebound.
2:55 of 2nd period - Justin Danforth wins face-off versus Ty Dellandrea in Kelowna Rockets zone.
3:03 of 2nd period - Minor Penalty to Ty Dellandrea for Kneeing.
3:04 of 2nd period - Justin Danforth wins face-off versus Jack Drury in Kelowna Rockets zone.
3:12 of 2nd period - Snap shot by William Carrier.
3:12 of 2nd period - Goal by William Carrier - Kelowna Rockets : 3 - Tucson Roadrunners : 2.
3:13 of 2nd period - Riley Nash wins face-off versus Ty Dellandrea in neutral zone.
3:38 of 2nd period - Justin Danforth is hit by Max Lajoie.
3:48 of 2nd period - Snap shot by Matthew Highmore.
3:48 of 2nd period - Stopped by Adam Scheel with a rebound.
4:11 of 2nd period - Minor Penalty to Michal Kempny for Charging.
4:12 of 2nd period - Matthew Nieto wins face-off versus Ty Dellandrea in Tucson Roadrunners zone.
4:43 of 2nd period - Snap shot by Joel Kiviranta.
4:43 of 2nd period - Shot Blocked by Matthew Nieto.
4:45 of 2nd period - Slapshot by Max Lajoie.
4:45 of 2nd period - Shot Blocked by Nicolas Meloche.
4:47 of 2nd period - Snap shot by Joel Kiviranta.
4:47 of 2nd period - Shot Misses the Net.
6:11 of 2nd period - Penalty to Michal Kempny is over, Michal Kempny is back on ice.
6:19 of 2nd period - Givani Smith is hit by Michal Kempny and loses puck.
7:04 of 2nd period - Alex Peters is hit by Justin Danforth and loses puck.
7:21 of 2nd period - Lucas Johansen is hit by Marian Studenic and loses puck.
7:41 of 2nd period - Rocco Grimaldi is hit by Cale Fleury and loses puck.
8:02 of 2nd period - Snap shot by Simon Benoit.
8:02 of 2nd period - Stopped by Adam Scheel without a rebound.
8:03 of 2nd period - Justin Danforth wins face-off versus Oskar Steen in Kelowna Rockets zone.
9:29 of 2nd period - Icing by Oskar Steen.
9:30 of 2nd period - Jack Drury wins face-off versus Justin Danforth in Kelowna Rockets zone.
9:57 of 2nd period - Backhand shot by Cale Fleury.
9:57 of 2nd period - Goal by Cale Fleury - Kelowna Rockets : 4 - Tucson Roadrunners : 2.
9:57 of 2nd period - Jaroslav Halak enters game.
9:58 of 2nd period - Riley Nash wins face-off versus Ty Dellandrea in neutral zone.
10:01 of 2nd period - Snap shot by Robert Hagg.
10:01 of 2nd period - Shot Misses the Net.
10:24 of 2nd period - Oskar Steen is hit by Nicolas Meloche and loses puck.
10:33 of 2nd period - Lucas Johansen is hit by Nicolas Meloche and loses puck.
11:04 of 2nd period - Snap shot by Lauri Pajuniemi.
11:04 of 2nd period - Shot Misses the Net.
11:06 of 2nd period - Snap shot by Maxence Guenette.
11:06 of 2nd period - Shot Blocked by Scott Reedy.
11:08 of 2nd period - Slapshot by Lucas Johansen.
11:08 of 2nd period - Shot Misses the Net.
11:10 of 2nd period - Slapshot by Lucas Johansen.
11:10 of 2nd period - Shot Blocked by Simon Benoit.
11:12 of 2nd period - Snap shot by Arnaud Durandeau.
11:12 of 2nd period - Stopped by Jaroslav Halak with a rebound.
11:41 of 2nd period - Off-side.
11:42 of 2nd period - Ty Dellandrea wins face-off versus Riley Nash in neutral zone.
11:45 of 2nd period - Slapshot by Max Lajoie.
11:45 of 2nd period - Stopped by Jaroslav Halak with a rebound.
12:04 of 2nd period - Jack Drury is hit by Matthew Highmore and loses puck.
12:11 of 2nd period - Wrist shot by Matthew Highmore.
12:11 of 2nd period - Stopped by Adam Scheel without a rebound.
12:12 of 2nd period - Oskar Steen wins face-off versus Justin Danforth in Kelowna Rockets zone.
12:27 of 2nd period - Wrist shot by Justin Danforth.
12:27 of 2nd period - Shot Blocked by Alex Peters.
13:34 of 2nd period - Wrist shot by Matthew Nieto.
13:34 of 2nd period - Goal by Matthew Nieto - Kelowna Rockets : 4 - Tucson Roadrunners : 3.
13:35 of 2nd period - Ty Dellandrea wins face-off versus Riley Nash in neutral zone.
13:51 of 2nd period - Off-side.
13:52 of 2nd period - Justin Danforth wins face-off versus Oskar Steen in neutral zone.
14:26 of 2nd period - Slapshot by Rocco Grimaldi.
14:26 of 2nd period - Shot Misses the Net.
14:42 of 2nd period - Cale Fleury is hit by Simon Benoit and loses puck.
14:49 of 2nd period - Slapshot by Marian Studenic.
14:49 of 2nd period - Stopped by Adam Scheel with a rebound.
15:03 of 2nd period - Wrist shot by Ty Dellandrea.
15:03 of 2nd period - Stopped by Jaroslav Halak with a rebound.
15:21 of 2nd period - Wrist shot by William Carrier.
15:21 of 2nd period - Shot Blocked by Oskar Steen.
15:25 of 2nd period - Snap shot by William Carrier.
15:25 of 2nd period - Shot Misses the Net.
15:27 of 2nd period - Slapshot by Johnathan Kovacevic.
15:27 of 2nd period - Stopped by Adam Scheel with a rebound.
15:37 of 2nd period - Matthew Nieto is hit by Lucas Johansen and loses puck.
15:52 of 2nd period - Snap shot by Jacob Perreault.
15:52 of 2nd period - Shot Misses the Net.
15:54 of 2nd period - Slapshot by Jack Drury.
15:54 of 2nd period - Shot Blocked by Simon Benoit.
15:56 of 2nd period - Slapshot by Alex Peters.
15:56 of 2nd period - Stopped by Jaroslav Halak with a rebound.
15:58 of 2nd period - Slapshot by Jack Drury.
15:58 of 2nd period - Shot Misses the Net.
16:29 of 2nd period - Wrist shot by Rocco Grimaldi.
16:29 of 2nd period - Shot Blocked by Alex Peters.
17:11 of 2nd period - Matthew Highmore is hit by Oskar Steen and loses puck.
17:29 of 2nd period - Simon Benoit is hit by Jasper Weatherby and loses puck.
17:58 of 2nd period - Backhand shot by Marian Studenic.
17:58 of 2nd period - Stopped by Adam Scheel without a rebound.
17:59 of 2nd period - Mikhail Maltsev wins face-off versus Roby Jarventie in Kelowna Rockets zone.
18:00 of 2nd period - Wrist shot by Jonathan Dahlen.
18:00 of 2nd period - Shot Blocked by Maxence Guenette.
18:02 of 2nd period - Slapshot by Nick Seeler.
18:02 of 2nd period - Shot Blocked by Jasper Weatherby.
18:04 of 2nd period - Snap shot by Johnathan Kovacevic.
18:04 of 2nd period - Stopped by Adam Scheel with a rebound.
18:06 of 2nd period - Slapshot by Nick Seeler.
18:06 of 2nd period - Shot Misses the Net.
18:52 of 2nd period - Snap shot by Matias Maccelli.
18:52 of 2nd period - Shot Blocked by Rocco Grimaldi.
19:30 of 2nd period - Slapshot by Lucas Johansen.
19:30 of 2nd period - Shot Blocked by Nicolas Meloche.
19:32 of 2nd period - Snap shot by Joel Kiviranta.
19:32 of 2nd period - Shot Misses the Net.
Goals for this period are 2 for Kelowna Rockets vs 2 for Tucson Roadrunners.
Shots for this period are 8 for Kelowna Rockets vs 12 for Tucson Roadrunners.
3rd period
0:01 of 3rd period - Riley Nash wins face-off versus Ty Dellandrea in neutral zone.
0:25 of 3rd period - Matias Maccelli is hit by William Carrier and loses puck.
0:45 of 3rd period - Minor Penalty to Jack Drury for Hooking.
0:46 of 3rd period - Riley Nash wins face-off versus Ty Dellandrea in Kelowna Rockets zone.
1:12 of 3rd period - Cale Fleury is hit by Justin Danforth.
1:21 of 3rd period - Justin Danforth is hit by Ty Dellandrea and loses puck.
1:38 of 3rd period - Matthew Nieto is hit by Jesse Ylonen.
1:42 of 3rd period - Matias Maccelli is hit by Matthew Nieto.
2:44 of 3rd period - Robert Hagg is hit by Jesse Ylonen and loses puck.
2:45 of 3rd period - Penalty to Jack Drury is over, Jack Drury is back on ice.
3:38 of 3rd period - Givani Smith is hit by Johnathan Kovacevic and loses puck.
3:51 of 3rd period - Wrist shot by Lauri Pajuniemi.
3:51 of 3rd period - Shot Misses the Net.
3:53 of 3rd period - Snap shot by Arnaud Durandeau.
3:53 of 3rd period - Stopped by Jaroslav Halak with a rebound.
3:55 of 3rd period - Snap shot by Maxence Guenette.
3:55 of 3rd period - Deflect By Arnaud Durandeau.
3:55 of 3rd period - Stopped by Jaroslav Halak without a rebound.
3:56 of 3rd period - Mikhail Maltsev wins face-off versus Ty Dellandrea in Tucson Roadrunners zone.
4:21 of 3rd period - Simon Benoit is hit by Cale Fleury and loses puck.
4:30 of 3rd period - Snap shot by Givani Smith.
4:30 of 3rd period - Shot Blocked by Michal Kempny.
4:32 of 3rd period - Slapshot by Alex Peters.
4:32 of 3rd period - Shot Misses the Net.
4:34 of 3rd period - Snap shot by Jack Drury.
4:34 of 3rd period - Stopped by Jaroslav Halak with a rebound.
4:45 of 3rd period - Off-side.
4:46 of 3rd period - Mikhail Maltsev wins face-off versus Ty Dellandrea in neutral zone.
4:57 of 3rd period - Snap shot by Mikhail Maltsev.
4:57 of 3rd period - Stopped by Adam Scheel without a rebound.
4:58 of 3rd period - Oskar Steen wins face-off versus Matthew Nieto in Kelowna Rockets zone.
4:58 of 3rd period - Oskar Steen is hit by Riley Nash.
5:08 of 3rd period - Snap shot by Matias Maccelli.
5:08 of 3rd period - Stopped by Jaroslav Halak with a rebound.
5:10 of 3rd period - Slapshot by Matias Maccelli.
5:10 of 3rd period - Stopped by Jaroslav Halak without a rebound.
5:11 of 3rd period - Jasper Weatherby wins face-off versus Riley Nash in Tucson Roadrunners zone.
5:24 of 3rd period - Rocco Grimaldi is hit by Jesse Ylonen and loses puck.
5:48 of 3rd period - Icing by Max Lajoie.
5:49 of 3rd period - Oskar Steen wins face-off versus Riley Nash in Kelowna Rockets zone.
5:58 of 3rd period - Wrist shot by Matias Maccelli.
5:58 of 3rd period - Stopped by Jaroslav Halak with a rebound.
6:16 of 3rd period - Slapshot by Ty Dellandrea.
6:16 of 3rd period - Stopped by Jaroslav Halak without a rebound.
6:17 of 3rd period - Justin Danforth wins face-off versus Ty Dellandrea in Tucson Roadrunners zone.
6:42 of 3rd period - Matthew Nieto is hit by Jacob Perreault and loses puck.
7:22 of 3rd period - Icing by Marian Studenic.
7:23 of 3rd period - Mikhail Maltsev wins face-off versus Arnaud Durandeau in Tucson Roadrunners zone.
7:52 of 3rd period - Snap shot by Justin Danforth.
7:52 of 3rd period - Shot Misses the Net.
7:54 of 3rd period - Snap shot by William Carrier.
7:54 of 3rd period - Goal by William Carrier - Kelowna Rockets : 4 - Tucson Roadrunners : 4.
7:55 of 3rd period - Riley Nash wins face-off versus Jasper Weatherby in neutral zone.
8:20 of 3rd period - Lucas Johansen is hit by Nicolas Meloche and loses puck.
8:42 of 3rd period - Nicolas Meloche is hit by Jack Drury and loses puck.
8:49 of 3rd period - Marian Studenic is hit by Alex Peters and loses puck.
9:02 of 3rd period - Snap shot by Marian Studenic.
9:02 of 3rd period - Shot Blocked by Jesse Ylonen.
9:04 of 3rd period - Snap shot by Cameron Hughes.
9:04 of 3rd period - Shot Misses the Net.
9:06 of 3rd period - Wrist shot by Cameron Hughes.
9:06 of 3rd period - Stopped by Adam Scheel with a rebound.
9:08 of 3rd period - Wrist shot by Cameron Hughes.
9:08 of 3rd period - Stopped by Adam Scheel with a rebound.
9:40 of 3rd period - Givani Smith is hit by Riley Nash and loses puck.
10:00 of 3rd period - Wrist shot by Jonathan Dahlen.
10:00 of 3rd period - Stopped by Adam Scheel with a rebound.
10:02 of 3rd period - Snap shot by Jonathan Dahlen.
10:02 of 3rd period - Stopped by Adam Scheel with a rebound.
10:04 of 3rd period - Wrist shot by Mikhail Maltsev.
10:04 of 3rd period - Stopped by Adam Scheel with a rebound.
10:16 of 3rd period - Justin Danforth is hit by Max Lajoie and loses puck.
10:35 of 3rd period - Snap shot by Jack Drury.
10:35 of 3rd period - Stopped by Jaroslav Halak without a rebound.
10:36 of 3rd period - Jack Drury wins face-off versus Scott Reedy in Tucson Roadrunners zone.
10:37 of 3rd period - Slapshot by Givani Smith.
10:37 of 3rd period - Shot Blocked by Cameron Hughes.
10:39 of 3rd period - Slapshot by Alex Peters.
10:39 of 3rd period - Shot Misses the Net.
10:41 of 3rd period - Slapshot by Maxence Guenette.
10:41 of 3rd period - Stopped by Jaroslav Halak with a rebound.
10:43 of 3rd period - Slapshot by Jack Drury.
10:43 of 3rd period - Shot Blocked by Matthew Nieto.
10:45 of 3rd period - Slapshot by Alex Peters.
10:45 of 3rd period - Stopped by Jaroslav Halak with a rebound.
10:47 of 3rd period - Snap shot by Jacob Perreault.
10:47 of 3rd period - Shot Misses the Net.
10:49 of 3rd period - Slapshot by Maxence Guenette.
10:49 of 3rd period - Stopped by Jaroslav Halak with a rebound.
10:57 of 3rd period - Wrist shot by Jacob Perreault.
10:57 of 3rd period - Shot Misses the Net.
10:59 of 3rd period - Minor Penalty to Cameron Hughes for Hooking.
11:00 of 3rd period - Ty Dellandrea wins face-off versus Matthew Nieto in Tucson Roadrunners zone.
12:47 of 3rd period - Cale Fleury is hit by Matthew Highmore.
12:59 of 3rd period - Penalty to Cameron Hughes is over, Cameron Hughes is back on ice.
13:30 of 3rd period - Wrist shot by Matthew Nieto.
13:30 of 3rd period - Stopped by Adam Scheel with a rebound.
13:44 of 3rd period - Cale Fleury is hit by Nick Seeler.
14:02 of 3rd period - Icing by Nicolas Meloche.
14:03 of 3rd period - Roby Jarventie wins face-off versus Riley Nash in Tucson Roadrunners zone.
14:23 of 3rd period - Slapshot by Nick Seeler.
14:23 of 3rd period - Shot Blocked by Cale Fleury.
14:34 of 3rd period - Snap shot by Rocco Grimaldi.
14:34 of 3rd period - Shot Blocked by Cale Fleury.
14:36 of 3rd period - Snap shot by Nicolas Meloche.
14:36 of 3rd period - Shot Misses the Net.
14:38 of 3rd period - Slapshot by Nicolas Meloche.
14:38 of 3rd period - Deflect By Lauri Pajuniemi.
14:38 of 3rd period - Stopped by Adam Scheel with a rebound.
14:40 of 3rd period - Backhand shot by Riley Nash.
14:40 of 3rd period - Deflect By Rocco Grimaldi.
14:40 of 3rd period - Shot Misses the Net.
14:40 of 3rd period - Puck is out of play.
14:41 of 3rd period - Justin Danforth wins face-off versus Ty Dellandrea in Kelowna Rockets zone.
14:54 of 3rd period - Snap shot by Justin Danforth.
14:54 of 3rd period - Shot Misses the Net.
15:02 of 3rd period - Minor Penalty to Jasper Weatherby for Hooking.
15:03 of 3rd period - Riley Nash wins face-off versus Ty Dellandrea in Kelowna Rockets zone.
15:10 of 3rd period - Slapshot by Matthew Nieto.
15:10 of 3rd period - Shot Misses the Net.
15:12 of 3rd period - Slapshot by Robert Hagg.
15:12 of 3rd period - Shot Blocked by Ty Dellandrea.
15:14 of 3rd period - Backhand shot by Robert Hagg.
15:14 of 3rd period - Deflect By Max Lajoie.
15:14 of 3rd period - Stopped by Adam Scheel without a rebound.
15:15 of 3rd period - Riley Nash wins face-off versus Ty Dellandrea in Kelowna Rockets zone.
15:18 of 3rd period - Wrist shot by Matthew Nieto.
15:18 of 3rd period - Shot Misses the Net.
15:20 of 3rd period - Snap shot by Rocco Grimaldi.
15:20 of 3rd period - Stopped by Adam Scheel with a rebound.
15:22 of 3rd period - Snap shot by Rocco Grimaldi.
15:22 of 3rd period - Stopped by Adam Scheel without a rebound.
15:23 of 3rd period - Ty Dellandrea wins face-off versus Riley Nash in Kelowna Rockets zone.
17:02 of 3rd period - Penalty to Jasper Weatherby is over, Jasper Weatherby is back on ice.
17:19 of 3rd period - Snap shot by Jonathan Dahlen.
17:19 of 3rd period - Shot Misses the Net.
17:21 of 3rd period - Wrist shot by Marian Studenic.
17:21 of 3rd period - Shot Misses the Net.
17:37 of 3rd period - Matthew Nieto is hit by Matias Maccelli and loses puck.
19:40 of 3rd period - Michal Kempny is hit by Givani Smith.
Goals for this period are 0 for Kelowna Rockets vs 1 for Tucson Roadrunners.
Shots for this period are 11 for Kelowna Rockets vs 12 for Tucson Roadrunners.
Overtime #1
0:01 of 1st overtime period - Ty Dellandrea wins face-off versus Matthew Nieto in neutral zone.
0:12 of 1st overtime period - Snap shot by Matthew Nieto.
0:12 of 1st overtime period - Stopped by Adam Scheel with a rebound.
0:50 of 1st overtime period - Max Lajoie is hit by Michal Kempny and loses puck.
1:15 of 1st overtime period - Jesse Ylonen is hit by Rocco Grimaldi and loses puck.
1:58 of 1st overtime period - Snap shot by Nicholas Caamano.
1:58 of 1st overtime period - Stopped by Jaroslav Halak without a rebound.
1:59 of 1st overtime period - Matthew Nieto wins face-off versus Nicholas Caamano in Tucson Roadrunners zone.
2:04 of 1st overtime period - Matthew Nieto is hit by Nicholas Caamano and loses puck.
Goals for this period are 0 for Kelowna Rockets vs 0 for Tucson Roadrunners.
Shots for this period are 1 for Kelowna Rockets vs 1 for Tucson Roadrunners.
ShootOut
5:00 of 1st overtime period - Round #1.
5:00 of 1st overtime period - Kelowna Rockets, Ty Dellandrea.
5:00 of 1st overtime period - Snap shot by Ty Dellandrea.
5:00 of 1st overtime period - Goal by Ty Dellandrea.
5:00 of 1st overtime period - Tucson Roadrunners, Matthew Nieto.
5:00 of 1st overtime period - Deke by Matthew Nieto.
5:00 of 1st overtime period - Stopped by Adam Scheel.
5:00 of 1st overtime period - Round #2.
5:00 of 1st overtime period - Kelowna Rockets, Jasper Weatherby.
5:00 of 1st overtime period - Wrist shot by Jasper Weatherby.
5:00 of 1st overtime period - Shot Misses the Net.
5:00 of 1st overtime period - Tucson Roadrunners, Riley Nash.
5:00 of 1st overtime period - Snap shot by Riley Nash.
5:00 of 1st overtime period - Stopped by Adam Scheel.
5:00 of 1st overtime period - Round #3.
5:00 of 1st overtime period - Kelowna Rockets, Jesse Ylonen.
5:00 of 1st overtime period - Wrist shot by Jesse Ylonen.
5:00 of 1st overtime period - Stopped by Jaroslav Halak.
5:00 of 1st overtime period - Tucson Roadrunners, Rocco Grimaldi.
5:00 of 1st overtime period - Snap shot by Rocco Grimaldi.
5:00 of 1st overtime period - Goal by Rocco Grimaldi.
5:00 of 1st overtime period - Round #4.
5:00 of 1st overtime period - Kelowna Rockets, Matias Maccelli.
5:00 of 1st overtime period - Snap shot by Matias Maccelli.
5:00 of 1st overtime period - Stopped by Jaroslav Halak.
5:00 of 1st overtime period - Tucson Roadrunners, William Carrier.
5:00 of 1st overtime period - Deke by William Carrier.
5:00 of 1st overtime period - Shot Misses the Net.
5:00 of 1st overtime period - Round #5.
5:00 of 1st overtime period - Kelowna Rockets, Oskar Steen.
5:00 of 1st overtime period - Backhand shot by Oskar Steen.
5:00 of 1st overtime period - Stopped by Jaroslav Halak.
5:00 of 1st overtime period - Tucson Roadrunners, Jonathan Dahlen.
5:00 of 1st overtime period - Wrist shot by Jonathan Dahlen.
5:00 of 1st overtime period - Shot Misses the Net.
5:00 of 1st overtime period - Round #6.
5:00 of 1st overtime period - Kelowna Rockets, Jacob Perreault.
5:00 of 1st overtime period - Snap shot by Jacob Perreault.
5:00 of 1st overtime period - Shot Misses the Net.
5:00 of 1st overtime period - Tucson Roadrunners, Cole Koepke.
5:00 of 1st overtime period - Wrist shot by Cole Koepke.
5:00 of 1st overtime period - Stopped by Adam Scheel.
5:00 of 1st overtime period - Round #7.
5:00 of 1st overtime period - Kelowna Rockets, Lauri Pajuniemi.
5:00 of 1st overtime period - Wrist shot by Lauri Pajuniemi.
5:00 of 1st overtime period - Stopped by Jaroslav Halak.
5:00 of 1st overtime period - Tucson Roadrunners, Cameron Hughes.
5:00 of 1st overtime period - Wrist shot by Cameron Hughes.
5:00 of 1st overtime period - Goal by Cameron Hughes.
Back to the Top